 Dungeon Crawl Stone Soup version 0.32-a0-695-g7accb7e (webtiles) character file.

Game seed: 15085275706632061480

190 Toastz the Shooter (level 5, -1/32 HPs)
             Began as a Gargoyle Hunter on Mar 12, 2024.
             Was an Initiate of Beogh.
             Killed from afar by an orc wizard (7 damage)
             ... with a puff of flame
             ... on level 4 of the Dungeon.
             The game lasted 00:03:46 (2306 turns).

Toastz the Shooter (Gargoyle Hunter)                Turns: 2306, Time: 00:03:46

Health: -1/32      AC:  7    Str: 14    XL:     5   Next: 69%
Magic:  5/5        EV: 11    Int: 10    God:    Beogh [......]
Gold:   204        SH:  0    Dex: 15    Spells: 4/4 levels left

rFire   . . .        a - +0 shortbow
rCold   . . .        (shield currently unavailable)
rNeg    + . .        c - +0 leather armour
rPois   ∞            (no helmet)
rElec   +            (no cloak)
rCorr   +            (no gloves)
SInv    .            (no boots)
Will    .....        (no amulet)
Stlth   ++           g - ring of resist corrosion
HPRegen 0.25/turn    (no ring)
MPRegen 0.09/turn

%: no passive effects
@: no status effects
A: sickness immunity, AC +4, negative energy resistance 1, electricity
resistance, torment resistance 1, petrification resistance
a: Renounce Religion


You were on level 4 of the Dungeon.
You worshipped Beogh.
Beogh was noncommittal.
You visited 1 branch of the dungeon, and saw 4 of its levels.

You collected 204 gold pieces.

Inventory:

Hand Weapons
 a - a +0 shortbow (weapon)
Armour
 c - a +0 leather armour (worn)
 l - the +5 scale mail of Qililo {*Corrode +Blink Will- Dex+3}
   (You found it on level 2 of the Dungeon)

   Dex+3:     It affects your dexterity (+3).
   Will-:     It decreases your willpower.
   +Blink:    It lets you blink.
   *Corrode:  It may corrode you when you take damage.
Jewellery
 g - a ring of resist corrosion (left hand)
Scrolls
 b - a scroll of butterflies
 d - a scroll of amnesia {unknown}
 h - 2 scrolls of identify {unknown}
 j - a scroll of teleportation {unknown}
 k - a scroll of fear {unknown}
 m - a scroll of fog {unknown}
 n - a scroll of enchant weapon {unknown}
 o - a scroll of silence {unknown}
Potions
 e - 2 potions of curing {unknown}
 f - a potion of heal wounds {unknown}
 i - 2 potions of might {unknown}
 p - 2 potions of attraction {unknown}
 q - a potion of degeneration {unknown}


   Skills:
 + Level 3.6 Fighting
 * Level 5.5 Ranged Weapons
 + Level 2.6 Armour
 - Level 1.5 Dodging
 - Level 1.1 Stealth


You had 4 spell levels left.
You didn't know any spells.
Your spell library contained the following spells:

 Spells                   Type           Power      Damage    Failure   Level
 Dazzling Flash           Conj/Hex       0%         N/A       80%         3
 Starburst                Conj/Fire      0%         6d3       100%        6
 Maxwell's Capacitive Co  Air            0%         ∞         100%        8


Dungeon Overview and Level Annotations

Branches:
Dungeon (4/15)             Temple (0/1) D:4

Altars:
Sif Muna


Innate Abilities, Weirdness & Mutations

You are immune to sickness and miasma.
Your stone body is resilient. (AC +4)
You are immune to poison.
You resist negative energy. (rN+)
You are resistant to electric shocks. (rElec)
You are resistant to unholy torment.
You are immune to petrification.


Message History

Fire: a) +0 shortbow
Press: ? - help, Q - select action Shift-Dir - straight line, f/p - orc wizard
Aim: an orc wizard, wielding a +0 dagger and wearing a +0 robe (severely wounded, 55% to hit)
You shoot an arrow. The arrow hits the orc wizard.
You kill the orc wizard!
Beogh accepts your kill. Something hits you but does no damage.
Something hits you.
Fire: a) +0 shortbow
Press: ? - help, Q - select action Shift-Dir - straight line, f - you Really target yourself? [Y]es or [N]o only, please.
Really target yourself?
Okay, then.
Fire: a) +0 shortbow
Press: ? - help, Q - select action Shift-Dir - straight line You shoot an arrow.
Something hits you but does no damage. x2
Fire: a) +0 shortbow
Press: ? - help, Q - select action Shift-Dir - straight line, f - you Really target yourself?
Okay, then.
Fire: a) +0 shortbow
Press: ? - help, Q - select action Shift-Dir - straight line You shoot an arrow.
Something hits you. x2
* * * LOW HITPOINT WARNING * * *
Fire: a) +0 shortbow
Press: ? - help, Q - select action Shift-Dir - straight line You shoot an arrow.
Something hits you.
* * * LOW HITPOINT WARNING * * *
Something hits you but does no damage.
Fire: a) +0 shortbow
Press: ? - help, Q - select action Shift-Dir - straight line You shoot an arrow.
You hear some strange, mumbled words.
A puff of flame appears from out of thin air!
The puff of flame hits you!
You die...
Beogh appreciates something's killing of a heretic priest.

########## ####........#
............#
............# ..........#
#........+ #........# #.
#...@{...#
...?####{###### ###
......).)##...#########.#
................>.......#
...#....###...........#.#
. #....#.#...........#.#
+..#'#.###.........#.)
##.#..:..#..###)######
#.###.###..#.....#


There were no monsters in sight!

Vanquished Creatures
  2 orc wizards (D:4)
  7 adders
  4 dart slugs
  6 orcs
  2 bats
  2 endoplasms
  2 giant cockroaches (D:1)
  8 hobgoblins
  6 jackals
  6 kobolds
  A quokka (D:1)
  4 ball pythons
  5 frilled lizards
  4 goblins
  5 rats
64 creatures vanquished.

Notes
Turn   | Place    | Note
-------+----------+-------------------------------------------
     0 | D:1      | Toastz the Gargoyle Hunter began the quest for the Orb.
     0 | D:1      | Reached XP level 1. HP: 12/12 MP: 1/1
   100 | D:1      | Reached XP level 2. HP: 18/18 MP: 2/2
   139 | D:1      | Reached skill level 1 in Armour
   218 | D:1      | Reached XP level 3. HP: 22/22 MP: 3/3
   243 | D:1      | Found a faded altar of an unknown god.
   838 | D:2      | Reached XP level 4. HP: 28/28 MP: 4/4
   933 | D:2      | Identified the +5 scale mail of Qililo {*Corrode +Blink
                  | Will- Dex+3}
   962 | D:2      | Reached skill level 5 in Ranged Weapons
  1156 | D:2      | Identified the +7 spear of Vutiruoc {freeze, rElec rN+
                  | Int+4}
  1372 | D:3      | Found a shimmering blue altar of Sif Muna.
  1414 | D:3      | Became a worshipper of Beogh the Shepherd
  1577 | D:3      | Reached XP level 5. HP: 20/32 MP: 5/5
  2259 | D:4      | Found a staircase to the Ecumenical Temple.
  2306 | D:4      | Killed from afar by an orc wizard

Illustrated notes

Levels and vault maps discovered:
D:1:      psy_arrival_terrarium, layout_basic,
          ebering_ecumenical_altar_petrified, minmay_hedge_maze
D:2:      layout_loops_ring, dreamdust_wishing_well, item_on_display_a
D:3:      layout_basic, mainiacjoe_overflow_paths
D:4:      layout_basic, minmay_temple_entry_hall, ebering_ghost_disaster_area,
          minmay_a_box_with_orc_wizards_in_it

Skill      XL: |  1  2  3  4 |
---------------+-------------+-----
Armour         | 1 2 |  2.6
Fighting       | 3 |  3.6
Ranged Weapons | 5 |  5.5
Dodging        | |  1.5
Stealth        | |  1.1

Action                     |  1- 3 |  4- 6 || total
---------------------------+-------+-------++-------
   Fire: Shortbow          |   111 |    94 ||   205
 Invoke: Convert to Beogh  |       |     1 ||     1
 Armour: Leather armour    |    27 |    46 ||    73
  Dodge: Dodged            |    21 |    27 ||    48

Table legend: (Time is in decaauts)
 A = Elapsed time spent in this place.
 B = Non-inter-level travel time spent in this place.
 C = Inter-level travel time spent in this place.
 D = Time resting spent in this place.
 E = Time spent auto-exploring this place.
 F = Levels seen in this place.
 G = Mean time per level.
                   A        B        C        D        E       F      G
               +--------+--------+--------+--------+--------+-----+--------+
         Total |   2344 |   2271 |     73 |     88 |   1813 |   4 |  586.0 |
       Dungeon |   2344 |   2271 |     73 |     88 |   1813 |   4 |  586.0 |
               +--------+--------+--------+--------+--------+-----+--------+

Top non-repeatable levels by time:
     D:3: 813 daAuts
     D:2: 718 daAuts
     D:1: 679 daAuts
     D:4: 133 daAuts
